 Dungeon Crawl Stone Soup version 0.22-a0-109-gbeb7240 (webtiles) character file.

111 Kavrick the Skirmisher (level 4, 0/40 HPs)
             Began as a Hill Orc Fighter on Jan 26, 2018.
             Succumbed to Crazy Yiuf's poison
             ... on level 2 of the Dungeon.
             The game lasted 00:03:11 (1461 turns).

Kavrick the Skirmisher (Hill Orc Fighter)           Turns: 1461, Time: 00:03:12

Health: 0/40       AC:  0    Str: 19    XL:     4   Next: 92%
Magic:  4/4        EV: 18    Int:  8    God:
Gold:   106        SH:  0    Dex: 15    Spells: 3/3 levels left

rFire    . . .     SeeInvis .   (weapon currently unavailable)
rCold    . . .     Gourm    .   (shield currently unavailable)
rNeg     . . .     Faith    .   (armour currently unavailable)
rPois    .         Spirit   .   (helmet currently unavailable)
rElec    .         Reflect  .   (cloak currently unavailable)
rCorr    .         Harm     .   (gloves currently unavailable)
MR       .....                  (boots currently unavailable)
Stlth    +.........             (no amulet)
HPRegen  0.13/turn              (ring currently unavailable)
MPRegen  0.09/turn              (ring currently unavailable)

@: lethally poisoned (0 -> -9), bat-form, flying, very quick
A: tiny
a: no special abilities


You were on level 2 of the Dungeon.
You were not hungry.
You were in bat-form.
You visited 1 branch of the dungeon, and saw 2 of its levels.

You collected 106 gold pieces.

Inventory:

Hand Weapons
 a - a +0 long sword (melded)
Armour
 c - a +0 shield (melded)
 g - a +0 chain mail (melded)
 p - a +0 pair of gloves (melded)
Jewellery
 h - an uncursed ring of flight {unknown}
 q - a cursed ring of teleportation {unknown}
Scrolls
 e - a scroll of teleportation {unknown}
 k - a scroll of remove curse {unknown}
 l - 4 scrolls of identify {unknown}
 n - a scroll of immolation {unknown}
 o - a scroll of blinking {unknown}
Potions
 d - a potion of might
 i - 2 potions of magic {unknown}
 j - a potion of haste {unknown}
 m - a potion of heal wounds {unknown}
Comestibles
 f - 7 rations


   Skills:
 + Level 4.2 Fighting
 * Level 3.5 Long Blades
 + Level 3.9 Armour
 + Level 1.2 Dodging
 + Level 3.9 Shields


You had 3 spell levels left.
You didn't know any spells.

Dungeon Overview and Level Annotations

Branches:
Dungeon (2/15)

Altars:
Vehumet
Xom

Annotations:
D:2 Crazy Yiuf


Message History

You hit Crazy Yiuf but do no damage.
Crazy Yiuf is moderately wounded.
You feel sick. Crazy Yiuf misses you.
You hit Crazy Yiuf but do no damage.
Crazy Yiuf is moderately wounded.
You feel sick.
You hit Crazy Yiuf but do no damage.
Crazy Yiuf is moderately wounded.
You feel sick.
Crazy Yiuf hits you with a quarterstaff of chaos.
* * * LOW HITPOINT WARNING * * *
You hit Crazy Yiuf.
Crazy Yiuf is moderately wounded.
You feel sick.
Crazy Yiuf hits you with a quarterstaff of chaos!
* * * LOW HITPOINT WARNING * * *
Crazy Yiuf draws strength from your wounds!
You barely miss Crazy Yiuf.
Crazy Yiuf is lightly wounded.
You die...

#))..#
#.#########
#....# #)#
#^.....
#P.PP#
##.###.#####
##.P.#
#...##.#
##.##
#...#..#
##.#
#.....##
#.## #...###
##.# #...#
#b## #...#
#g# #####
... #...#
#)..# #####


You could see Crazy Yiuf.

Vanquished Creatures
  2 adders (D:2)
  3 gnolls (D:2)
  An ooze (D:2)
  2 worms (D:2)
  5 giant cockroaches
  10 goblins
  6 hobgoblins
  2 quokkas (D:2)
  5 bats
  7 frilled lizards
  7 kobolds
  4 rats
  A fungus (D:2)
55 creatures vanquished.

Notes
Turn   | Place    | Note
-------+----------+-------------------------------------------
     0 | D:1      | Kavrick the Hill Orc Fighter began the quest for the Orb.
     0 | D:1      | Reached XP level 1. HP: 19/19 MP: 1/1
   147 | D:1      | Reached XP level 2. HP: 27/27 MP: 2/2
   678 | D:2      | Reached XP level 3. HP: 24/33 MP: 3/3
   902 | D:2      | Reached skill level 4 in Fighting
   912 | D:2      | Reached skill level 1 in Dodging
   912 | D:2      | Reached XP level 4. HP: 27/40 MP: 4/4
  1127 | D:2      | Found a radiant altar of Vehumet.
  1241 | D:2      | Found a shimmering altar of Xom.
  1445 | D:2      | Found a runed door.
  1449 | D:2      | Noticed Crazy Yiuf
  1460 | D:2      | HP: 1/40 [Crazy Yiuf/quarterstaff of chaos (10)]
  1461 | D:2      | Succumbed to Crazy Yiuf's poison

Vault maps used:
D:1:      dpeg_arrival_pits, minmay_tromino_v2
D:2:      vehumet_crystals, tgw_xom, uniq_crazy_yiuf_cottage

Skill      XL: |  1  2  3 |
---------------+----------+-----
Long Blades    | 3 |  3.5
Fighting       | 4 |  4.2
Dodging        | 1 |  1.2
Armour         | |  3.9
Shields        | |  3.9

Action                   |  1- 3 |  4- 6 || total
-------------------------+-------+-------++-------
Melee: Long sword        |   127 |    91 ||   218
       Unarmed           |       |     5 ||     5
  Eat: Chunk             |       |     2 ||     2
Armor: Chain mail        |    70 |    38 ||   108
       Scale mail        |     1 |       ||     1
Dodge: Dodged            |    33 |    16 ||    49
Block: Shield            |    73 |    19 ||    92
       Rpst.: Long sword |     7 |     4 ||    11

Table legend:
 A = Spawn XP
 B = Non-spawn XP
 C = Spawn XP percentage of total XP
 D = Spawn monster count
 E = Non-spawn monster count
 F = Spawn count percentage of total count
 G = Total turns spent on level
                    A         B        C        D         E        F      G
               +---------+---------+-------+---------+---------+-------+---------
         Total |       0 |     159 |   0.0 |       0 |      54 |   0.0 |  1461
               +---------+---------+-------+---------+---------+-------+---------
           D:1 |       0 |      31 |   0.0 |       0 |      21 |   0.0 |   657
           D:2 |       0 |     128 |   0.0 |       0 |      33 |   0.0 |   804
               +---------+---------+-------+---------+---------+-------+---------
